cohdb
Replays
Latest Replays
All Replays
Popular Replays
Top Player Replays
Match Explorer
How It Works
Community
CoH3 Stats
Reddit
Sign in to upload your games and track your stats! →
Sign in with Steam
Match 43749661
Unlisted
Match 43749661
Overview
Messages
Build Orders
End
Royal Engineer Section
Construct Section Command Post
Selects Air and Sea Battlegroup
Selects Air and Sea Battlegroup
Dingo Light Scout Car
Dingo Light Scout Car
Selects Supply Surplus
Construct Field Infirmary
Construct Resource Cache
Construct Resource Cache
Construct Platoon Command Post
Forward Retreat Point
Construct Resource Cache
Construct Resource Cache
Construct Resource Cache
Construct Resource Cache
Construct Company Command Post
Selects UNKNOWN (223837)
Foot Guards Section
Centaur IV Medium Tank
Unlock M3 Grant Medium Tanks
Foot Guards Section
Construct Resource Cache
Construct Resource Cache
Selects Naval Bombardment
M3 Grant Medium Tank
Naval Bombardment
Selects Commando Section Paradrop
Selects M1 Pack Howitzer Paradrop
Construct Resource Cache
Construct Resource Cache
Construct Resource Cache
畅通无阻
横向穿插
固守待援
ALPHARIUS
Gremchick
Граф Гематоген
0
0
Comments
sign in to comment!
No comments posted yet!